cohdb
Replays
Latest Replays
All Replays
Popular Replays
Top Player Replays
Match Explorer
How It Works
Community
CoH3 Stats
Reddit
Sign in to upload your games and track your stats! →
Sign in with Steam
Match 43911971
Unlisted
Match 43911971
Overview
Messages
Build Orders
End
Construct Infanterie Kompanie
Selects Mechanized Battlegroup
Grenadier Squad
MG 42 Machine Gun Team
Grenadier Squad
MG 42 Machine Gun Team
Selects Mobile Repair Stations
Construct Panzergrenadier Kompanie
Panzergrenadier Squad
Panzergrenadier Squad
Panzergrenadier Officer Quarters
Selects Wespe Self-propelled Artillery
Wespe Self-propelled Artillery
Wespe Self-propelled Artillery
Pak 40 Anti-tank Gun Team
Medical Station
Pak 40 Anti-tank Gun Team
B1t
SkyCurv
Amx50Foch155
Spacejelly
ColdFusion
diritar
Беашел
RAMS
0
0
Comments
sign in to comment!
No comments posted yet!